 Dungeon Crawl Stone Soup version 0.21.1-1-g345015fe64 (webtiles) character file.

11655 Htamos the Devastator (level 11, -2/54 HPs)
             Began as a Deep Elf Conjurer on July 12, 2018.
             Was a Priest of Vehumet.
             Slain by a spiny frog (22 damage)
             ... on level 1 of the Lair of Beasts.
             The game lasted 00:37:50 (12620 turns).

Htamos the Devastator (Deep Elf Conjurer)          Turns: 12620, Time: 00:37:51

Health: -2/54      AC: 10    Str:  5    XL:     11   Next: 52%
Magic:  2/38       EV: 12    Int: 24    God:    Vehumet [***...]
Gold:   538        SH:  0    Dex: 17    Spells: 29/34 levels left

rFire    . . .     SeeInvis .   P - +0 dagger (venom)
rCold    . . .     Gourm    .   (no shield)
rNeg     . . .     Faith    .   B - +2 leather armour {rPois}
rPois    +         Spirit   .   v - +0 helmet
rElec    .         Reflect  .   x - scarf {cloud immunity}
rCorr    .         Harm     .   d - +0 pair of gloves
MR       +....                  G - +2 pair of boots
Stlth    ++........             (no amulet)
HPRegen  0.18/turn              S - +2 ring of dexterity
MPRegen  0.26/turn              R - ring of magical power

@: no status effects
A: no striking features
a: Renounce Religion


You were on level 1 of the Lair of Beasts.
You worshipped Vehumet.
Vehumet was most pleased with you.
You were near starving.

You visited 3 branches of the dungeon, and saw 12 of its levels.

You collected 538 gold pieces.

Inventory:

Hand Weapons
 y - a +1 hand crossbow
 F - a +0 whip of freezing
 P - a +0 dagger of venom (weapon)
 V - a +0 hunting sling
 X - a +4 dagger of distortion
Missiles
 f - 250 arrows
 g - 374 stones (quivered)
 h - 65 sling bullets
 k - 26 poisoned needles
 n - 4 throwing nets
 w - 48 bolts
Armour
 d - a +0 pair of gloves (worn)
 v - a +0 helmet (worn)
 x - a scarf of cloud immunity (worn)
 B - a +2 leather armour of poison resistance (worn)
 C - a +2 cloak
 G - a +2 pair of boots (worn)
 K - a +0 leather armour of cold resistance
Jewellery
 R - a ring of magical power (right hand)
 S - a +2 ring of dexterity (left hand)
Wands
 E - a wand of flame (32)
 I - a wand of iceblast (17)
 L - a wand of enslavement (30)
 O - a wand of digging (27)
 Q - a wand of disintegration (13)
 T - a wand of acid (7)
 Y - a wand of paralysis (11)
Scrolls
 j - 3 scrolls of remove curse
 l - a scroll of blinking
 s - a scroll of enchant weapon
 H - a scroll of teleportation
 J - a scroll of enchant armour
 N - a scroll of fear
 Z - a scroll of immolation
Potions
 e - a potion of ambrosia
 i - 3 potions of lignification {unknown}
 m - a potion of resistance {unknown}
 p - a potion of cancellation
 q - a potion of haste {unknown}
 r - 2 potions of heal wounds {unknown}
 t - 2 potions of curing
 u - 4 potions of brilliance {unknown}
 z - 3 potions of degeneration {unknown}
 A - 2 potions of might {unknown}
 D - 2 potions of berserk rage {unknown}
 W - 2 potions of agility {unknown}
Books
 b - a book of Conjurations

   Spells                             Type                      Level
   a - Magic Dart                     Conjuration                  1
   b - Searing Ray                    Conjuration                  2
   c - Dazzling Spray                 Conjuration/Hexes            3
   d - Fulminant Prism                Conjuration/Hexes            4
   e - Force Lance                    Conjuration/Translocation    4
   f - Iskenderun's Mystic Blast      Conjuration                  4
 M - a book of Misfortune

   Spells                             Type                      Level
   a - Confusing Touch                Hexes                        1
   b - Confuse                        Hexes                        3
   c - Gell's Gravitas                Translocation                3
   d - Petrify                        Transmutation/Earth          4
   e - Metabolic Englaciation         Hexes/Ice                    5
   f - Yara's Violent Unravelling     Hexes/Transmutation          5
Comestibles
 c - 23 rations


   Skills:
 - Level 2.4 Dodging
 + Level 3.6 Stealth
 - Level 12.4 Spellcasting
 + Level 16.4 Conjurations
 - Level 1.2 Evocations


You had 29 spell levels left.
You knew the following spells:

 Your Spells              Type           Power        Failure   Level  Hunger
a - Magic Dart            Conj           ####         0%          1    None
b - Iskenderun's Mystic   Conj           #######.     1%          4    None


Dungeon Overview and Level Annotations

Branches:
Dungeon (10/15)            Temple (1/1) D:5            Lair (1/6) D:10
    Orc (0/2) D:9

Altars:
Ashenzari
Cheibriados
Dithmenos
Elyvilon
Fedhas
Gozag
Hepliaklqana
Kikubaaqudgha
Makhleb
Nemelex Xobeh
Okawaru
Qazlal
Ru
Sif Muna
Trog
Uskayaw
Vehumet
Wu Jian
Xom
Yredelemnul
Zin
The Shining One

Shops:
D:7 *

Annotations:
D:6 JarielCorvus's ghost, novice MfGl


Message History

Confirm with . or Enter, or press ? or * to list all spells.
Aiming: Iskenderun's Mystic Blast
Press: ? - help, Shift-Dir - straight line, f/p - water moccasin
Aim: a water moccasin (almost dead)
The orb of energy hits the water moccasin.
You kill the water moccasin!
Vehumet accepts your kill.
You feel your power returning.
The orb of energy explodes!
The mystic blast hits the spiny frog.
The spiny frog is severely wounded.
The spiny frog closely misses you. The spiny frog stings you!
Casting: Iskenderun's Mystic Blast
Confirm with . or Enter, or press ? or * to list all spells.
Aiming: Iskenderun's Mystic Blast
Press: ? - help, Shift-Dir - straight line, f - spiny frog
Aim: a spiny frog (severely wounded)
The orb of energy hits the spiny frog.
The spiny frog is severely wounded.
The orb of energy explodes!
The spiny frog stings you!!
You die...

.....#...# ....
.....#...##.....
.......≈.≈......
....≈≈≈≈≈≈.....
.#..≈≈≈≈≈≈≈..#
...≈≈≈≈≈≈≈≈≈.##.
...≈≈≈≈≈≈≈≈≈....
..≈≈≈≈≈@.≈≈≈....
...≈≈≈≈F†≈≈≈....
##.≈≈≈≈≈≈≈≈≈.###
#P..≈≈≈≈≈≈≈≈.###
.....≈≈≈≈≈.≈.....
......≈≈.........
....##.....#.....
.... #...).......
... #.....#.....


You could see a spiny frog.

Vanquished Creatures
  A hydra (Lair:1)
  2 two-headed ogres
  Pikel (D:4)
  A cyclops (D:6)
  A manticore (D:8)
  Maurice (D:9)
  Psyche (D:9)
  Grinder (D:4)
  2 hippogriffs (D:8)
  A spriggan (D:9)
  A wyvern (D:8)
  Sigmund (D:3)
  7 yaks
  A water moccasin (Lair:1)
  Duvessa (D:5)
  9 ice beasts
  3 slaves (D:5)
  3 orc warriors (D:9)
  A black bear (D:8)
  3 sky beasts
  6 ogres
  5 centaurs
  2 crocodiles
  Blork the orc (D:6)
  5 bullfrogs
  Dowan (D:5)
  4 scorpions
  8 wights
  4 electric eels (D:9)
  7 howler monkeys
  7 crimson imps
  A bullfrog zombie (D:8)
  2 centaur zombies
  4 jellies
  6 hounds
  Crazy Yiuf (D:3)
  5 orc priests
  2 bullfrog skeletons
  5 orc wizards
  Ijyb (D:3)
  7 iguanas
  8 worker ants
  A hound skeleton (D:4)
  A worker ant zombie (D:10)
  5 adders
  6 gnolls
  3 shadow imps
  3 oozes
  An adder skeleton (D:9)
  6 worms
  A dart slug (D:1)
  3 leopard geckos
  28 orcs
  5 bats
  7 giant cockroaches
  8 goblins
  14 hobgoblins
  10 jackals
  7 kobolds
  6 quokkas
  A ball python skeleton (D:4)
  3 frilled lizards
  A leopard gecko skeleton (D:3)
  A plant (D:10)
255 creatures vanquished.

Vanquished Creatures (others)
  A slave (D:8)
  An adder skeleton (D:8)
  2 jackals (D:8)
4 creatures vanquished.

Grand Total: 259 creatures vanquished

Notes
Turn   | Place    | Note
-------+----------+-------------------------------------------
     0 | D:1      | Htamos the Deep Elf Conjurer began the quest for the Orb.
     0 | D:1      | Reached XP level 1. HP: 10/10 MP: 6/6
   239 | D:1      | Reached XP level 2. HP: 15/15 MP: 5/8
   372 | D:1      | Reached skill level 5 in Conjurations
  1090 | D:2      | Reached XP level 3. HP: 19/19 MP: 3/9
  1347 | D:2      | Reached XP level 4. HP: 24/24 MP: 5/11
  1760 | D:2      | Found a bloodstained altar of Trog.
  2024 | D:3      | Noticed Sigmund
  2263 | D:3      | Noticed an ogre
  2339 | D:2      | Learned a level 4 spell: Iskenderun's Mystic Blast
  2430 | D:3      | Noticed Ijyb
  2532 | D:3      | Killed Ijyb
  2532 | D:3      | Reached skill level 6 in Conjurations
  2532 | D:3      | Reached XP level 5. HP: 27/28 MP: 4/14
  2543 | D:3      | Killed Sigmund
  2543 | D:3      | Reached XP level 6. HP: 14/32 MP: 5/17
  2779 | D:3      | Found a runed door.
  2885 | D:3      | Noticed Crazy Yiuf
  2889 | D:3      | Killed Crazy Yiuf
  2982 | D:4      | Reached skill level 7 in Conjurations
  2982 | D:4      | Reached skill level 1 in Evocations
  3119 | D:4      | Reached XP level 7. HP: 36/36 MP: 10/19
  3902 | D:4      | Noticed Grinder
  3905 | D:4      | Killed Grinder
  4125 | D:5      | Entered Level 5 of the Dungeon
  4125 | D:5      | Noticed Duvessa
  4125 | D:5      | Noticed Dowan
  4129 | D:5      | Killed Duvessa
  4129 | D:5      | Reached skill level 8 in Conjurations
  4129 | D:5      | Reached XP level 8. HP: 36/41 MP: 5/23
  4230 | D:5      | Killed Dowan
  4288 | D:5      | Found a staircase to the Ecumenical Temple.
  4505 | Temple   | Entered the Ecumenical Temple
  4578 | Temple   | Became a worshipper of Vehumet
  4743 | D:5      | Reached skill level 10 in Spellcasting
  4813 | D:5      | Reached skill level 9 in Conjurations
  5056 | D:5      | Noticed Pikel
  5118 | D:4      | Killed Pikel
  5118 | D:4      | Reached XP level 9. HP: 45/45 MP: 0/26
  5276 | D:5      | Found a bloodstained altar of Trog.
  5491 | D:6      | Noticed Blork the orc
  5628 | D:6      | Killed Blork the orc
  5630 | D:6      | Reached skill level 10 in Conjurations
  5631 | D:6      | Noticed JarielCorvus's ghost (novice MfGl)
  5638 | D:6      | Noticed a cyclops
  6314 | D:6      | Killed a cyclops
  6598 | D:6      | Reached * piety under Vehumet
  6598 | D:6      | Offered knowledge of Sting by Vehumet.
  7088 | D:6      | Reached skill level 11 in Conjurations
  7547 | D:7      | Found a white marble altar of Elyvilon.
  7859 | D:7      | You fall through a shaft for 2 floors!
  7874 | D:9      | Reached skill level 12 in Conjurations
  8030 | D:9      | Reached XP level 10. HP: 50/50 MP: 18/28
  8125 | D:9      | Noticed a two-headed ogre
  8133 | D:9      | Killed a two-headed ogre
  8299 | D:8      | Reached skill level 13 in Conjurations
  8409 | D:9      | Reached ** piety under Vehumet
  8565 | D:9      | Noticed Maurice
  8570 | D:9      | Killed Maurice
  8658 | D:9      | Noticed Psyche
  8660 | D:9      | Killed Psyche
  8827 | D:9      | Offered knowledge of Sandblast by Vehumet.
  9058 | D:9      | Reached skill level 14 in Conjurations
  9597 | D:9      | Found a staircase to the Orcish Mines.
 10108 | D:8      | Offered knowledge of Static Discharge by Vehumet.
 10513 | D:8      | Reached XP level 11. HP: 54/54 MP: 24/29
 10638 | D:8      | Reached skill level 15 in Conjurations
 10656 | D:8      | Reached *** piety under Vehumet
 10904 | D:8      | Noticed a two-headed ogre
 10907 | D:8      | Killed a two-headed ogre
 11240 | D:7      | Found Gubisirgh's General Store.
 11571 | D:10     | Entered Level 10 of the Dungeon
 11627 | D:10     | Offered knowledge of Stone Arrow by Vehumet.
 11920 | D:10     | Found a staircase to the Lair.
 12584 | Lair:1   | Entered Level 1 of the Lair of Beasts
 12594 | Lair:1   | Reached skill level 16 in Conjurations
 12601 | Lair:1   | Noticed a six-headed hydra
 12605 | Lair:1   | Killed a six-headed hydra
 12620 | Lair:1   | Slain by a spiny frog

Skill      XL: |  1  2  3  4  5  6  7  8  9 10 11 |
---------------+----------------------------------+-----
Conjurations   | 5 6 7 8 9 12 14 16 | 16.4
Spellcasting   | 4 6 7 9 11 12 | 12.4
Evocations     | 1 |  1.2
Stealth        | 3 |  3.6
Dodging        | |  2.4

Action                   |  1- 3 |  4- 6 |  7- 9 | 10-12 || total
-------------------------+-------+-------+-------+-------++-------
Melee: Dagger            |     4 |       |    16 |    32 ||    52
 Cast: Magic Dart        |    59 |    77 |   161 |   121 ||   418
       Iskenderun's Myst |       |    14 |   107 |   149 ||   270
Evoke: Wand              |       |     8 |       |       ||     8
  Use: Scroll            |     3 |     4 |     2 |    11 ||    20
       Potion            |       |       |       |     2 ||     2
  Eat: Chunk             |     1 |     7 |    14 |    12 ||    34
       Ration            |       |       |     1 |       ||     1
Armor: Ring mail         |     2 |    10 |       |       ||    12
       Robe              |       |     3 |       |       ||     3
       Leather armour    |       |     2 |    44 |    17 ||    63
Dodge: Dodged            |     6 |    16 |    78 |    45 ||   145
